 Dungeon Crawl Stone Soup version 0.31.0-9-g3a7656b989 (webtiles) character file.

Game seed: 15578583571577489116

16 qw the Shooter (level 2, 0/14 HPs)
             Began as a Spriggan Hunter on Feb 2, 2024.
             Slain by a kobold
             ... wielding a +0 club
              (4 damage)
             ... on level 1 of the Dungeon.
             The game lasted 00:00:00 (181 turns).

qw the Shooter (Spriggan Hunter)                     Turns: 181, Time: 00:00:01

Health: 0/14       AC:  2    Str:  7    XL:     2   Next: 41%
Magic:  3/3        EV: 19    Int: 10    God:
Gold:   11         SH:  0    Dex: 18    Spells: 1/1 levels left

rFire   . . .        a - +0 shortbow
rCold   . . .        (shield currently unavailable)
rNeg    . . .        c - +0 robe
rPois   .            (helmet restricted)
rElec   .            (no cloak)
rCorr   .            (gloves unavailable)
SInv    +            (boots unavailable)
Will    .....        (no amulet)
Stlth   ++           (no ring)
HPRegen 0.22/turn    (no ring)
MPRegen 0.08/turn

%: no passive effects
@: very quick
A: very small, no large weapons, unfitting armour, see invisible, speed 3
a: no special abilities


You were on level 1 of the Dungeon.
You visited 1 branch of the dungeon, and saw 1 of its levels.

You collected 11 gold pieces.


Innate Abilities, Weirdness & Mutations

You are very small and have problems with some larger weapons.
You are too small for most types of armour.
You have supernaturally acute eyesight. (SInv)
You cover ground extremely quickly. (Speed+++)


   Skills:
 - Level 1.5 Fighting
 + Level 4.1 Ranged Weapons
 - Level 4.0 Dodging
 - Level 1.5 Stealth


You had one spell level left.
You didn't know any spells.
Your spell library was empty.

Inventory:

Hand Weapons
 a - a +0 shortbow (weapon)
Armour
 c - a +0 robe (worn)
Scrolls
 b - a scroll of butterflies
 d - a scroll of identify {unknown}
 f - a scroll of enchant armour {unknown}
Potions
 e - a potion of brilliance {unknown}

Dungeon Overview and Level Annotations

Branches:
Dungeon (1/15)

Altars:


Message History

Your Dodging skill increases to level 4!
You shoot an arrow. The arrow hits the jackal.
You kill the jackal!
The jackal bites you.
You shoot an arrow. The arrow misses the jackal.
The jackal completely misses you. The jackal closely misses you.
The jackal bites you. The jackal misses you.
You shoot an arrow.
The arrow hits the jackal but does no damage.
The jackal closely misses you. The jackal misses you.
The jackal barely misses you. The jackal closely misses you.
You shoot an arrow. The arrow completely misses the jackal.
A frilled lizard comes into view.
The jackal closely misses you. x2
You shoot an arrow. The arrow barely misses the jackal.
The frilled lizard hisses angrily.
The jackal bites you but does no damage.
The jackal barely misses you. The jackal misses you.
The jackal closely misses you.
You shoot an arrow. The arrow hits the jackal.
The jackal is severely wounded.
The jackal bites you.
The jackal barely misses you. x2; The jackal misses you.
You shoot an arrow. The arrow hits the jackal.
You kill the jackal!
The jackal completely misses you.
You shoot an arrow. The arrow hits the jackal.
The jackal is heavily wounded.
The jackal completely misses you. x2
You shoot an arrow. The arrow hits the jackal.
You kill the jackal!
The frilled lizard closely misses you.
You shoot an arrow.
The arrow hits the kobold but does no damage.
The frilled lizard bites you. The kobold closely misses you.
The frilled lizard bites you. The kobold hits you with a +0 club.
You shoot an arrow. The arrow barely misses the kobold.
The arrow barely misses the rat.
The arrow hits the dart slug.
The dart slug is heavily wounded.
The frilled lizard misses you. The kobold hits you with a +0 club.
You die...

#....'...+
####....#####
#............
#..:.........
#....%.......
######'#.#+## #.#.#...
###### #.#..(..
#wrK@#########.#####.
#...##l##............'.
... #....#######..###.
. #....#.(.¤¤¤..###.
#....#<..¤¤#......
......#>..¤¤#...)..
##.....#...¤.#.....#
#.....#######.....#
#.....# #...>......


You could see a dart slug, a kobold, a frilled lizard and a rat.

Vanquished Creatures
  A ball python (D:1)
  2 endoplasms (D:1)
  A goblin (D:1)
  2 hobgoblins (D:1)
  4 jackals (D:1)
  2 kobolds (D:1)
  A bat (D:1)
13 creatures vanquished.

Notes
Turn   | Place    | Note
-------+----------+-------------------------------------------
     0 | D:1      | qw the Spriggan Hunter began the quest for the Orb.
     0 | D:1      | Reached XP level 1. HP: 10/10 MP: 2/2
     0 | D:1      | 0 ||| qw: Version: 0.3-a-155-g5e7d8dd
     0 | D:1      | 0 ||| qw: Game counter: 429
     0 | D:1      | 0 ||| qw: Melee chars always use a shield: true
     0 | D:1      | 0 ||| qw: God list: Okawaru
     0 | D:1      | 0 ||| qw: Allow faded altars: false
     0 | D:1      | 0 ||| qw: Do Orc after clearing Dungeon:15 true
     0 | D:1      | 0 ||| qw: Do second Lair branch before Depths: true
     0 | D:1      | 0 ||| qw: Lair rune preference: random
     0 | D:1      | 0 ||| qw: Goals: Normal
     0 | D:1      | 0 ||| PLANNING D:1-11
    23 | D:1      | Reached skill level 3 in Dodging
    74 | D:1      | Reached XP level 2. HP: 14/14 MP: 3/3
   181 | D:1      | Slain by a kobold

Levels and vault maps discovered:
D:1:      dpeg_arrival_fog, layout_basic, minmay_pentomino_s4

Skill      XL: |  1  2 |
---------------+-------+-----
Dodging        | 3 4 |  4.0
Fighting       | |  1.5
Ranged Weapons | |  4.1
Stealth        | |  1.5

Action                     || total
---------------------------++-------
   Fire: Shortbow          ||    35
 Armour: Robe              ||    10
  Dodge: Dodged            ||    30

Table legend:
 A = Non-vault XP
 B = Vault XP
 C = Vault XP percentage of total XP
 D = Non-vault monster count
 E = Vault monster count
 F = Vault count percentage of total count
                 A         B        C        D         E       F
            +---------+---------+-------+---------+---------+-------
      Total |      20 |       4 |  16.7 |      11 |       2 |  15.4
            +---------+---------+-------+---------+---------+-------
        D:1 |      20 |       4 |  16.7 |      11 |       2 |  15.4
            +---------+---------+-------+---------+---------+-------
